PIO (24 & UNDER)
SASKATOON SMOKIN' GUNS @ JASPER COUGARS
09/24/2029
 
TOP OF THE 1ST
Saskatoon Smokin' Guns batting - Pitching for Jasper Cougars : RHP Juan Ortíz
Pitching: RHP Juan Ortíz
Batting: LHB Rubén Salazar 0-0: Ball
1-0: Ball
2-0: Fly out, F3 (Popup, 3SF)
Batting: RHB Rafael Gonzáles 0-0: Ball
1-0: Called Strike
1-1: Called Strike
1-2: Foul Ball, location: 2F
1-2: Ball
2-2: Strikes out swinging
Batting: SHB Ramiro Medrano 0-0: Foul Ball, location: 2F
0-1: Ball
1-1: Fly out, F8 (Flyball, 8LM)
Top of the 1st over - 0 runs, 0 hits, 0 errors, 0 left on base; Saskatoon 0 - Jasper 0
BOTTOM OF THE 1ST
Jasper Cougars batting - Pitching for Saskatoon Smokin' Guns : LHP Jorge Gatán
Pitching: LHP Jorge Gatán
Batting: RHB Richie Sawyer 0-0: Ball
1-0: Foul Ball, location: 2F
1-1: Foul Ball, location: 2F
1-2: SOLO HOME RUN (Flyball, 9LD), Distance : 320 ft
Batting: RHB John Hutchins 0-0: Called Strike
0-1: Called Strike
0-2: Ball
1-2: Ground out 5-3 (Groundball, 5)
Batting: RHB Ben Wilson 0-0: Foul Ball, location: 2F
0-1: Called Strike
0-2: Foul Ball, location: 2F
0-2: Ball
1-2: Hit by Pitch
Batting: RHB José Maldonado 0-0: Called Strike
0-1: Ball
1-1: Called Strike
1-2: Foul Ball, location: 2F
1-2: Strikes out swinging
Batting: RHB Andrew Weatherly 0-0: Ball
1-0: Fly out, F7 (Flyball, 7LS)
Bottom of the 1st over - 1 run, 1 hit, 0 errors, 1 left on base; Saskatoon 0 - Jasper 1
TOP OF THE 2ND
Saskatoon Smokin' Guns batting - Pitching for Jasper Cougars : RHP Juan Ortíz
Batting: RHB Robbie Jenkins 0-0: SINGLE (Groundball, 6D)
Batting: RHB Johnny Hawson 0-0: Foul Ball, location: 2F
0-1: Ball
1-1: DOUBLE (Line Drive, 78D)
Robbie Jenkins to third
Runner from 3rd tries for Home, SAFE, no throw
Batting: LHB José Domínguez 0-0: Ball
1-0: Ball
2-0: Foul Ball, location: 2F
2-1: Ground out 6-3 (Groundball, 6)
Batting: RHB Artie Turner 0-0: Foul Ball, location: 2F
0-1: Swinging Strike
0-2: Foul Ball, location: 2F
0-2: Ball
1-2: Ground out 6-3 (Groundball, 6)
Johnny Hawson to third
Batting: SHB Mathew Olson 0-0: Called Strike
0-1: Ball
1-1: Swinging Strike
1-2: Strikes out swinging
Top of the 2nd over - 1 run, 2 hits, 0 errors, 1 left on base; Saskatoon 1 - Jasper 1
BOTTOM OF THE 2ND
Jasper Cougars batting - Pitching for Saskatoon Smokin' Guns : LHP Jorge Gatán
Batting: RHB Preston Manning 0-0: Called Strike
0-1: Ground out 5-3 (Groundball, 56)
Batting: RHB Júlio González 0-0: Ball
1-0: Called Strike
1-1: Ball
2-1: SOLO HOME RUN (Flyball, 78XD), Distance : 390 ft
Batting: RHB Alberto Castillo 0-0: Ball
1-0: Swinging Strike
1-1: SINGLE (Groundball, 56S) (infield hit)
Batting: SHB Jerry Young 0-0: Called Strike
0-1: Ball
Alberto Castillo steals 2nd base
1-1: Foul Ball, location: 2F
1-2: Ground out 3-1 (Groundball, 34S)
Alberto Castillo to third
Batting: RHB Richie Sawyer 0-0: Swinging Strike
0-1: Ball
1-1: Ground out 6-3 (Groundball, 6)
Bottom of the 2nd over - 1 run, 2 hits, 0 errors, 1 left on base; Saskatoon 1 - Jasper 2
TOP OF THE 3RD
Saskatoon Smokin' Guns batting - Pitching for Jasper Cougars : RHP Juan Ortíz
Batting: RHB Mike Ratzlaff 0-0: Ball
1-0: Ball
2-0: Foul Ball, location: 2F
2-1: Ball
3-1: Called Strike
3-2: Foul Ball, location: 2F
3-2: Fly out, F7 (Line Drive, 7D)
Batting: LHB Rubén Salazar 0-0: Ball
1-0: Foul Ball, location: 2F
1-1: Foul Ball, location: 2F
1-2: SINGLE (Flyball, 78M)
Batting: RHB Rafael Gonzáles 0-0: Ball
Pickoff Throw to First - Error! E1
Rubén Salazar to second
1-0: Foul Ball, location: 2F
1-1: Ball
Wild Pitch!
Rubén Salazar to third
2-1: Ball
3-1: Called Strike
3-2: Base on Balls
Batting: SHB Ramiro Medrano 0-0: Called Strike
Rafael Gonzáles steals 2nd base
0-1: Ball
1-1: Ball
2-1: Ball
3-1: Base on Balls
Batting: RHB Robbie Jenkins 0-0: Ball
1-0: Grounds into double play, 5-4-3 (Groundball, 5)
Top of the 3rd over - 0 runs, 1 hit, 1 error, 2 left on base; Saskatoon 1 - Jasper 2
BOTTOM OF THE 3RD
Jasper Cougars batting - Pitching for Saskatoon Smokin' Guns : LHP Jorge Gatán
Batting: RHB John Hutchins 0-0: Ball
1-0: Called Strike
1-1: Foul Ball, location: 2F
1-2: Ball
2-2: Ball
3-2: Foul Ball, location: 2F
3-2: Base on Balls
Batting: RHB Ben Wilson 0-0: Ball
1-0: Ball
2-0: Called Strike
2-1: Called Strike
2-2: Ball
3-2: DOUBLE (Line Drive, 89D)
John Hutchins to third
Runner from 3rd tries for Home, SAFE, no throw
Batting: RHB José Maldonado 0-0: Called Strike
0-1: DOUBLE (Flyball, 89D)
Ben Wilson scores
Batting: RHB Andrew Weatherly 0-0: Ball
1-0: Ball
2-0: Ball
3-0: Base on Balls
Batting: RHB Preston Manning 0-0: Foul Ball, location: 2F
0-1: Ball
1-1: Ground out 5-3 (Groundball, 56S)
José Maldonado to third
Andrew Weatherly to second
Batting: RHB Júlio González 0-0: Called Strike
0-1: Foul Ball, location: 2F
0-2: Foul Ball, location: 2F
0-2: SINGLE (Groundball, 4MD)
José Maldonado scores
Andrew Weatherly to third
Runner from 3rd tries for Home, SAFE, no throw
Pitching: RHP Awragh Masasu
Batting: RHB Alberto Castillo 0-0: Ball
1-0: Ball
2-0: Ball
3-0: Called Strike
3-1: Fielders Choice at 2nd, 6-4 (Groundball, 6)
Batting: SHB Jerry Young 0-0: Ball
1-0: Ball
2-0: DOUBLE (Groundball, 3L)
Alberto Castillo to third
Runner from 3rd tries for Home, SAFE, no throw
Batting: RHB Richie Sawyer 0-0: Ball
1-0: Fly out, F7 (Flyball, 78S)
Bottom of the 3rd over - 5 runs, 4 hits, 0 errors, 1 left on base; Saskatoon 1 - Jasper 7
TOP OF THE 4TH
Saskatoon Smokin' Guns batting - Pitching for Jasper Cougars : RHP Juan Ortíz
Batting: RHB Johnny Hawson 0-0: Ball
1-0: Ball
2-0: Ball
3-0: Base on Balls
Batting: LHB José Domínguez 0-0: Called Strike
0-1: SINGLE (Groundball, 6MS) (infield hit)
Johnny Hawson to second
Batting: RHB Artie Turner 0-0: SINGLE (Line Drive, 6D)
Johnny Hawson to third
José Domínguez to second
Runner from 3rd tries for Home, SAFE, throw made home
Batting: SHB Mathew Olson 0-0: Ball
1-0: Ball
2-0: Called Strike
2-1: Called Strike
2-2: Ball
3-2: Foul Ball, location: 2F
3-2: Foul Ball, location: 2F
3-2: Strikes out swinging
Batting: RHB Mike Ratzlaff 0-0: Ball
1-0: Ball
2-0: Ball
3-0: Swinging Strike
3-1: Base on Balls
José Domínguez to third
Artie Turner to second
Batting: LHB Rubén Salazar 0-0: Called Strike
0-1: Ball
1-1: Foul Ball, location: 2F
1-2: Ball
2-2: Strikes out swinging
Batting: RHB Rafael Gonzáles 0-0: Called Strike
0-1: Foul Ball, location: 2F
0-2: Strikes out swinging
Top of the 4th over - 1 run, 2 hits, 0 errors, 3 left on base; Saskatoon 2 - Jasper 7
BOTTOM OF THE 4TH
Jasper Cougars batting - Pitching for Saskatoon Smokin' Guns : RHP Awragh Masasu
Batting: RHB John Hutchins 0-0: Ball
1-0: Ball
2-0: Called Strike
2-1: Foul Ball, location: 2F
2-2: Strikes out swinging
Batting: RHB Ben Wilson 0-0: Ball
1-0: Ball
2-0: Ball
3-0: Base on Balls
Batting: RHB José Maldonado 0-0: Called Strike
0-1: Ball
1-1: Ball
2-1: Ball
3-1: Swinging Strike
3-2: Strikes out swinging
Ben Wilson steals 2nd base
Batter strikes out.
Batting: RHB Andrew Weatherly 0-0: SINGLE (Groundball, 6MD)
Ben Wilson to third
Runner from 3rd tries for Home, SAFE, throw made home
Batting: RHB Preston Manning 0-0: Ball
1-0: Swinging Strike
1-1: Swinging Strike
1-2: Strikes out swinging
Bottom of the 4th over - 1 run, 1 hit, 0 errors, 1 left on base; Saskatoon 2 - Jasper 8
TOP OF THE 5TH
Saskatoon Smokin' Guns batting - Pitching for Jasper Cougars : RHP Juan Ortíz
Pitching: LHP Edgardo Reyes
Batting: SHB Ramiro Medrano 0-0: Fly out, F9 (Flyball, 9S)
Batting: RHB Robbie Jenkins 0-0: Ball
1-0: Ground out 6-3 (Groundball, 56)
Batting: RHB Johnny Hawson 0-0: Ball
1-0: Ball
2-0: Ball
3-0: Base on Balls
Batting: LHB José Domínguez 0-0: Ball
1-0: Swinging Strike
1-1: Swinging Strike
1-2: Ball
2-2: Ground out 4-3 (Groundball, 4)
Top of the 5th over - 0 runs, 0 hits, 0 errors, 1 left on base; Saskatoon 2 - Jasper 8
BOTTOM OF THE 5TH
Jasper Cougars batting - Pitching for Saskatoon Smokin' Guns : RHP Awragh Masasu
Batting: RHB Júlio González 0-0: Ball
1-0: SINGLE (Groundball, 56D)
Batting: RHB Alberto Castillo 0-0: Ball
1-0: Called Strike
1-1: Ball
2-1: Ball
3-1: Foul Ball, location: 2F
3-2: Base on Balls
Júlio González to second
Batting: SHB Jerry Young 0-0: Ball
1-0: Ball
2-0: Swinging Strike
2-1: Swinging Strike
2-2: Strikes out swinging
Batting: RHB Richie Sawyer 0-0: Foul Ball, location: 2F
0-1: SINGLE (Groundball, 56D)
Júlio González to third
Alberto Castillo to second
Runner from 3rd tries for Home, throw and OUT!
Alberto Castillo to third
Richie Sawyer to second
Batting: RHB John Hutchins 0-0: Called Strike
0-1: Fly out, F9 (Line Drive, 89S)
Bottom of the 5th over - 0 runs, 2 hits, 0 errors, 2 left on base; Saskatoon 2 - Jasper 8
TOP OF THE 6TH
Saskatoon Smokin' Guns batting - Pitching for Jasper Cougars : LHP Edgardo Reyes
Batting: RHB Artie Turner 0-0: Foul Ball, location: 2F
0-1: SINGLE (Line Drive, 7S)
Batting: SHB Mathew Olson 0-0: Foul Ball, location: 2F
0-1: Ball
1-1: Swinging Strike
1-2: Strikes out swinging
Batting: RHB Mike Ratzlaff 0-0: Ball
1-0: Called Strike
1-1: Ball
2-1: Fly out, F4 (Popup, 4)
Batting: LHB Rubén Salazar 0-0: Ball
1-0: Ball
2-0: Ball
3-0: Called Strike
3-1: Called Strike
3-2: Strikes out swinging
Top of the 6th over - 0 runs, 1 hit, 0 errors, 1 left on base; Saskatoon 2 - Jasper 8
BOTTOM OF THE 6TH
Jasper Cougars batting - Pitching for Saskatoon Smokin' Guns : RHP Awragh Masasu
Batting: RHB Ben Wilson 0-0: Ball
1-0: SINGLE (Line Drive, 6D)
Batting: RHB José Maldonado 0-0: Ball
1-0: SINGLE (Groundball, 3D)
Ben Wilson to second
Runner from 2nd tries for 3rd, SAFE, no throw
Batting: RHB Andrew Weatherly 0-0: Called Strike
0-1: SINGLE (Groundball, 56D)
Ben Wilson scores
José Maldonado to second
Batting: RHB Preston Manning 0-0: Ball
1-0: Called Strike
1-1: Ball
2-1: Swinging Strike
2-2: Strikes out swinging
Batting: RHB Júlio González 0-0: Foul Ball, location: 2F
0-1: Ball
1-1: Called Strike
1-2: SINGLE (Line Drive, 89S)
José Maldonado to third
Andrew Weatherly to second
Runner from 3rd tries for Home, SAFE, throw made home
Pitching: LHP Niculáo Sapato
Batting: RHB Alberto Castillo 0-0: Ball
1-0: Ball
2-0: Ball
3-0: Base on Balls
Andrew Weatherly to third
Júlio González to second
Batting: SHB Jerry Young 0-0: Ball
1-0: Foul Ball, location: 2F
1-1: Ball
2-1: Swinging Strike
2-2: Strikes out swinging
Batting: RHB Richie Sawyer 0-0: Called Strike
0-1: Foul Ball, location: 2F
0-2: Strikes out looking
Bottom of the 6th over - 2 runs, 4 hits, 0 errors, 3 left on base; Saskatoon 2 - Jasper 10
TOP OF THE 7TH
Saskatoon Smokin' Guns batting - Pitching for Jasper Cougars : LHP Edgardo Reyes
Batting: RHB Rafael Gonzáles 0-0: Ball
1-0: Ball
2-0: Called Strike
2-1: Called Strike
2-2: Strikes out swinging
Batting: SHB Ramiro Medrano 0-0: Ball
1-0: Foul Ball, location: 2F
1-1: Ball
2-1: Swinging Strike
2-2: Hit by Pitch
Batting: RHB Robbie Jenkins 0-0: Ball
1-0: Grounds into double play, 5-4-3 (Groundball, 56)
Top of the 7th over - 0 runs, 0 hits, 0 errors, 0 left on base; Saskatoon 2 - Jasper 10
BOTTOM OF THE 7TH
Jasper Cougars batting - Pitching for Saskatoon Smokin' Guns : LHP Niculáo Sapato
Batting: RHB John Hutchins 0-0: Ball
1-0: Ball
2-0: Called Strike
2-1: SINGLE (Line Drive, 3)
Batting: RHB Ben Wilson 0-0: Ball
1-0: Called Strike
1-1: Foul Ball, location: 2F
1-2: Strikes out swinging
Batting: RHB José Maldonado 0-0: Called Strike
0-1: Ball
1-1: Fly out, F9 (Flyball, 9S)
Batting: RHB Andrew Weatherly 0-0: Ball
1-0: Ball
John Hutchins steals 2nd base
2-0: Ball
3-0: Called Strike
3-1: Fly out, F9 (Flyball, 9S)
Bottom of the 7th over - 0 runs, 1 hit, 0 errors, 1 left on base; Saskatoon 2 - Jasper 10
TOP OF THE 8TH
Saskatoon Smokin' Guns batting - Pitching for Jasper Cougars : LHP Edgardo Reyes
Batting: RHB Johnny Hawson 0-0: Ball
1-0: Ball
2-0: Ball
3-0: Base on Balls
Batting: LHB José Domínguez 0-0: Called Strike
0-1: Foul Ball, location: 2F
0-2: Ball
1-2: Ball
2-2: Ball
3-2: Foul Ball, location: 2F
3-2: Base on Balls
Johnny Hawson to second
Batting: RHB Artie Turner 0-0: Ball
1-0: Foul Ball, location: 2F
1-1: Swinging Strike
1-2: Strikes out swinging
Batting: SHB Mathew Olson 0-0: Ball
1-0: Called Strike
1-1: Ball
2-1: Foul Ball, location: 2F
2-2: Grounds into double play, 6-4-3 (Groundball, 6)
Top of the 8th over - 0 runs, 0 hits, 0 errors, 1 left on base; Saskatoon 2 - Jasper 10
BOTTOM OF THE 8TH
Jasper Cougars batting - Pitching for Saskatoon Smokin' Guns : LHP Niculáo Sapato
Batting: RHB Preston Manning 0-0: Ball
1-0: Ground out 3-1 (Groundball, 34S)
Batting: RHB Júlio González 0-0: Foul Ball, location: 2F
0-1: Fly out, F9 (Flyball, 9)
Batting: RHB Alberto Castillo 0-0: Called Strike
0-1: Ground out 6-3 (Groundball, 56)
Bottom of the 8th over - 0 runs, 0 hits, 0 errors, 0 left on base; Saskatoon 2 - Jasper 10
TOP OF THE 9TH
Saskatoon Smokin' Guns batting - Pitching for Jasper Cougars : LHP Edgardo Reyes
Batting: RHB Mike Ratzlaff 0-0: SINGLE (Groundball, 3S) (infield hit)
Batting: LHB Rubén Salazar 0-0: Foul Ball, location: 2F
0-1: Ball
1-1: Ball
2-1: Swinging Strike
2-2: Ball
3-2: Foul Ball, location: 2F
3-2: Base on Balls
Mike Ratzlaff to second
Batting: RHB Rafael Gonzáles 0-0: Called Strike
0-1: Ball
1-1: Grounds into double play, 4-6-3 (Groundball, 4)
Mike Ratzlaff to third
Batting: SHB Ramiro Medrano 0-0: Ball
1-0: Ball
2-0: Ball
3-0: Base on Balls
Batting: RHB Robbie Jenkins 0-0: Ball
1-0: DOUBLE (Line Drive, 78D)
Mike Ratzlaff scores
Ramiro Medrano to third
Batting: RHB Johnny Hawson 0-0: Fly out, F4 (Popup, 3DF)
Top of the 9th over - 1 run, 2 hits, 0 errors, 2 left on base; Saskatoon 3 - Jasper 10
Saturday, December 16th, 2017 - OOTP Baseball 18.8 Build 76